MWL (24 & UNDER)
MINNESOTA DEATH STARS @ ERIE JAXX
08/04/2023
 
TOP OF THE 1ST
Minnesota Death Stars batting - Pitching for Erie Jaxx : RHP Denny Green
Pitching: RHP Denny Green
Batting: RHB Manny Clemente 0-0: Ball
1-0: Called Strike
1-1: SINGLE (Groundball, 4MD)
Batting: RHB Peter Dixon 0-0: Foul Ball, location: 2F
0-1: Ball
1-1: Swinging Strike
1-2: Foul Ball, location: 2F
1-2: Ball
2-2: SINGLE (Groundball, 6MD)
Manny Clemente to second
Runner from 2nd tries for 3rd, SAFE, no throw or cutoff
Batting: LHB Chris Loudermilk 0-0: Ball
1-0: Called Strike
1-1: Ball
2-1: Fly out, F4 (Line Drive, 4)
Batting: RHB Herb Ashley 0-0: Ball
1-0: Swinging Strike
1-1: Ball
2-1: Foul Ball, location: 2F
2-2: Strikes out swinging
Batting: RHB Jorge Martínez 0-0: Called Strike
0-1: Fly out, F1 (Line Drive, 13S)
Top of the 1st over - 0 run(s), 2 hit(s), 0 error(s), 2 left on base; Minnesota 0 - Erie 0
BOTTOM OF THE 1ST
Erie Jaxx batting - Pitching for Minnesota Death Stars : RHP Pat Jackson
Pitching: RHP Pat Jackson
Batting: RHB Richard Bankhead 0-0: Called Strike
0-1: Foul Ball, location: 2F
0-2: Foul Ball, location: 2F
0-2: Strikes out looking
Batting: RHB Luis Alvarado 0-0: Ball
1-0: Foul Ball, location: 2F
1-1: Ball
2-1: Foul Ball, location: 2F
2-2: Foul Ball, location: 2F
2-2: Ball
3-2: Base on Balls
Batting: SHB Pedro Martínez 0-0: Called Strike
0-1: Fly out, F8 (Flyball, 8RM)
Batting: LHB Mark Everett 0-0: Ball
1-0: Foul Ball, location: 2F
1-1: Reached on error, E5 (Groundball, 5)
Luis Alvarado to second
Batting: RHB Luis Alou 0-0: Called Strike
0-1: Ball
1-1: Called Strike
1-2: Foul Ball, location: 2F
1-2: Strikes out swinging
Bottom of the 1st over - 0 run(s), 0 hit(s), 1 error(s), 2 left on base; Minnesota 0 - Erie 0
TOP OF THE 2ND
Minnesota Death Stars batting - Pitching for Erie Jaxx : RHP Denny Green
Batting: RHB John Brown 0-0: Foul Ball, location: 2F
0-1: Ball
1-1: Ball
2-1: Ball
3-1: Foul Ball, location: 2F
3-2: Strikes out swinging
Batting: RHB Soetsu Kaneko 0-0: Swinging Strike
0-1: Foul Ball, location: 2F
0-2: Ball
1-2: Strikes out swinging
Batting: RHB Chet Decker 0-0: Ball
1-0: Ball
2-0: Called Strike
2-1: Foul Ball, location: 2F
2-2: Fly out, F8 (Flyball, 8RD)
Top of the 2nd over - 0 run(s), 0 hit(s), 0 error(s), 0 left on base; Minnesota 0 - Erie 0
BOTTOM OF THE 2ND
Erie Jaxx batting - Pitching for Minnesota Death Stars : RHP Pat Jackson
Batting: SHB Héctor Barajas 0-0: Foul Ball, location: 2F
0-1: Ball
1-1: Ball
2-1: Ball
3-1: Base on Balls
Batting: RHB Bo Vickers 0-0: Ball
1-0: SINGLE (Line Drive, 4D)
Héctor Barajas to second
Runner from 2nd tries for 3rd, SAFE, no throw or cutoff
Batting: RHB Raúl Ruíz 0-0: Ball
1-0: Called Strike
1-1: SINGLE (Groundball, 15) (infield hit)
Bo Vickers to second
Batting: RHB José Darias 0-0: Called Strike
0-1: Fly out, F8 (Flyball, 8RM)
Runner from 3rd tags up, SCORES, throw made
Batting: RHB Richard Bankhead 0-0: DOUBLE (Flyball, 7LD)
Bo Vickers scores
Raúl Ruíz to third
Batting: RHB Luis Alvarado 0-0: Ball
1-0: Ball
2-0: Ground out 6-3 (Groundball, 6)
Raúl Ruíz scores
Richard Bankhead to third
Batting: SHB Pedro Martínez 0-0: Ball
1-0: Ball
2-0: Ball
3-0: Called Strike
3-1: Base on Balls
Batting: LHB Mark Everett 0-0: Swinging Strike
0-1: Foul Ball, location: 2F
0-2: Foul Ball, location: 2F
0-2: Ball
1-2: SINGLE (Line Drive, 4MD)
Richard Bankhead scores
Pedro Martínez to second
Batting: RHB Luis Alou 0-0: Ball
1-0: Foul Ball, location: 2F
1-1: Swinging Strike
1-2: Strikes out swinging
Bottom of the 2nd over - 4 run(s), 4 hit(s), 0 error(s), 2 left on base; Minnesota 0 - Erie 4
TOP OF THE 3RD
Minnesota Death Stars batting - Pitching for Erie Jaxx : RHP Denny Green
Batting: LHB Alberto Medine 0-0: Called Strike
0-1: Called Strike
0-2: Ball
1-2: Ball
2-2: Fly out, F7 (Popup, 56D)
Batting: RHB Manny Clemente 0-0: Called Strike
0-1: Ball
1-1: Swinging Strike
1-2: Strikes out swinging
Batting: RHB Peter Dixon 0-0: Called Strike
0-1: Called Strike
0-2: Ball
1-2: Ball
2-2: Ball
3-2: Base on Balls
Batting: LHB Chris Loudermilk 0-0: Called Strike
0-1: SINGLE (Groundball, 4MD)
Peter Dixon to second
Batting: RHB Herb Ashley 0-0: Called Strike
0-1: Ball
1-1: Called Strike
1-2: Ball
2-2: Strikes out swinging
Top of the 3rd over - 0 run(s), 1 hit(s), 0 error(s), 2 left on base; Minnesota 0 - Erie 4
BOTTOM OF THE 3RD
Erie Jaxx batting - Pitching for Minnesota Death Stars : RHP Pat Jackson
Batting: SHB Héctor Barajas 0-0: Ball
1-0: Called Strike
1-1: Called Strike
1-2: Ball
2-2: Foul Ball, location: 2F
2-2: SINGLE (Flyball, 7S)
Batting: RHB Bo Vickers 0-0: Called Strike
0-1: Swinging Strike
0-2: Ball
Héctor Barajas steals 2nd base
1-2: Strikes out swinging
Batting: RHB Raúl Ruíz 0-0: Called Strike
0-1: SINGLE (Groundball, 56)
Héctor Barajas to third
Runner from 3rd tries for Home, SAFE, no throw or cutoff
Batting: RHB José Darias 0-0: SINGLE (Line Drive, 34D)
Raúl Ruíz to second
Batting: RHB Richard Bankhead 0-0: Ball
1-0: Foul Ball, location: 2F
1-1: Fly out, F9 (Flyball, 89M)
Batting: RHB Luis Alvarado 0-0: Foul Ball, location: 2F
0-1: Fly out, F8 (Line Drive, 8LM)
Bottom of the 3rd over - 1 run(s), 3 hit(s), 0 error(s), 2 left on base; Minnesota 0 - Erie 5
TOP OF THE 4TH
Minnesota Death Stars batting - Pitching for Erie Jaxx : RHP Denny Green
Batting: RHB Jorge Martínez 0-0: Ball
1-0: Ball
2-0: SINGLE (Groundball, 4MD)
Batting: RHB John Brown 0-0: Called Strike
0-1: Called Strike
0-2: Strikes out swinging
Batting: RHB Soetsu Kaneko 0-0: Called Strike
Jorge Martínez steals 2nd base
0-1: Ball
1-1: Swinging Strike
1-2: Foul Ball, location: 2F
1-2: Foul Ball, location: 2F
1-2: Strikes out swinging
Batting: RHB Chet Decker 0-0: Foul Ball, location: 2F
0-1: Ground out 5-3 (Groundball, 56)
Top of the 4th over - 0 run(s), 1 hit(s), 0 error(s), 1 left on base; Minnesota 0 - Erie 5
BOTTOM OF THE 4TH
Erie Jaxx batting - Pitching for Minnesota Death Stars : RHP Pat Jackson
Batting: SHB Pedro Martínez 0-0: Called Strike
0-1: Ball
1-1: Ball
2-1: Ball
3-1: Base on Balls
Batting: LHB Mark Everett 0-0: Called Strike
0-1: Ball
1-1: Ball
2-1: Foul Ball, location: 2F
2-2: Ball
3-2: SINGLE (Groundball, 56D)
Pedro Martínez to second
Batting: RHB Luis Alou 0-0: Ball
1-0: Called Strike
Mark Everett steals 2nd base
Pedro Martínez to third
1-1: Ball
2-1: Called Strike
Passed Ball!
Pedro Martínez scores
Mark Everett to third
2-2: Ball
3-2: SINGLE (Groundball, 56D)
Mark Everett scores
Pitching: RHP Brian Smith
Batting: SHB Héctor Barajas 0-0: Ball
1-0: Foul Ball, location: 2F
1-1: Ball
2-1: Ball
3-1: Foul Ball, location: 2F
3-2: Grounds into double play, 6-4-3 (Groundball, 6)
Batting: RHB Bo Vickers 0-0: Ball
1-0: Ball
2-0: Foul Ball, location: 2F
2-1: Foul Ball, location: 2F
2-2: Foul Ball, location: 2F
2-2: Ball
3-2: Foul Ball, location: 2F
3-2: Foul Ball, location: 2F
3-2: Base on Balls
Batting: RHB Raúl Ruíz 0-0: Ball
1-0: Fly out, F8 (Flyball, 8RS)
Bottom of the 4th over - 2 run(s), 2 hit(s), 0 error(s), 1 left on base; Minnesota 0 - Erie 7
TOP OF THE 5TH
Minnesota Death Stars batting - Pitching for Erie Jaxx : RHP Denny Green
Batting: LHB Alberto Medine 0-0: Called Strike
0-1: Fly out, F4 (Line Drive, 4)
Batting: RHB Manny Clemente 0-0: SINGLE (Groundball, 4MD)
Batting: RHB Peter Dixon 0-0: Ball
1-0: Ball
2-0: Swinging Strike
2-1: Foul Ball, location: 2F
2-2: Strikes out swinging
Batting: LHB Chris Loudermilk 0-0: Hit by Pitch
Manny Clemente to second
Batting: RHB Herb Ashley 0-0: Ball
1-0: Ball
2-0: Foul Ball, location: 2F
2-1: Ball
3-1: Base on Balls
Manny Clemente to third
Chris Loudermilk to second
Pitching: RHP Ronald Cotton
Batting: RHB Jorge Martínez 0-0: Ball
1-0: Foul Ball, location: 2F
1-1: Foul Ball, location: 2F
1-2: Strikes out swinging
Top of the 5th over - 0 run(s), 1 hit(s), 0 error(s), 3 left on base; Minnesota 0 - Erie 7
BOTTOM OF THE 5TH
Erie Jaxx batting - Pitching for Minnesota Death Stars : RHP Brian Smith
Batting: RHB José Darias 0-0: Ball
1-0: Called Strike
1-1: Ball
2-1: Swinging Strike
2-2: Foul Ball, location: 2F
2-2: Ball
3-2: Foul Ball, location: 2F
3-2: Base on Balls
Batting: RHB Richard Bankhead 0-0: Ball
1-0: Swinging Strike
1-1: Foul Ball, location: 2F
1-2: Ball
2-2: Foul Ball, location: 2F
2-2: Foul Ball, location: 2F
2-2: Ball
3-2: Foul Ball, location: 2F
3-2: Foul Ball, location: 2F
3-2: Fly out, F8 (Flyball, 8RM)
Batting: RHB Luis Alvarado 0-0: Ball
1-0: Fly out, F5 (Popup, 5F)
Batting: SHB Pedro Martínez 0-0: Fly out, F9 (Flyball, 89XD)
Bottom of the 5th over - 0 run(s), 0 hit(s), 0 error(s), 1 left on base; Minnesota 0 - Erie 7
TOP OF THE 6TH
Minnesota Death Stars batting - Pitching for Erie Jaxx : RHP Ronald Cotton
Batting: RHB John Brown 0-0: Ball
1-0: Foul Ball, location: 2F
1-1: Bunt missed!
1-2: Ball
2-2: Ball
3-2: Foul Ball, location: 2F
3-2: TRIPLE (Line Drive, 9LM)
Batting: RHB Soetsu Kaneko 0-0: SINGLE (Flyball, 89S)
John Brown scores
Batting: RHB Chet Decker 0-0: Ball
1-0: Called Strike
1-1: Called Strike
1-2: Strikes out looking
Batting: LHB Alberto Medine 0-0: Ball
1-0: Ball
2-0: Ball
3-0: Base on Balls
Soetsu Kaneko to second
Batting: RHB Manny Clemente 0-0: Swinging Strike
0-1: Ball
1-1: Ball
2-1: Called Strike
2-2: Ball
3-2: Base on Balls
Soetsu Kaneko to third
Alberto Medine to second
Batting: RHB Peter Dixon 0-0: Swinging Strike
0-1: Ball
1-1: Called Strike
1-2: Strikes out swinging
Batting: LHB Chris Loudermilk 0-0: Called Strike
0-1: Foul Ball, location: 2F
0-2: Ball
1-2: Strikes out swinging
Top of the 6th over - 1 run(s), 2 hit(s), 0 error(s), 3 left on base; Minnesota 1 - Erie 7
BOTTOM OF THE 6TH
Erie Jaxx batting - Pitching for Minnesota Death Stars : RHP Brian Smith
Batting: LHB Mark Everett 0-0: Ball
1-0: Fly out, F8 (Flyball, 8LM)
Batting: RHB Luis Alou 0-0: Foul Ball, location: 2F
0-1: Swinging Strike
0-2: Ball
1-2: Strikes out looking
Batting: SHB Héctor Barajas 0-0: Foul Ball, location: 2F
0-1: Ball
1-1: Called Strike
1-2: Foul Ball, location: 2F
1-2: Ball
2-2: SINGLE (Line Drive, 7S)
Batting: RHB Bo Vickers 0-0: Ball
1-0: SINGLE (Groundball, 13) (infield hit)
Héctor Barajas to second
Batting: RHB Raúl Ruíz 0-0: Fly out, F8 (Flyball, 8LS)
Bottom of the 6th over - 0 run(s), 2 hit(s), 0 error(s), 2 left on base; Minnesota 1 - Erie 7
TOP OF THE 7TH
Minnesota Death Stars batting - Pitching for Erie Jaxx : RHP Ronald Cotton
Batting: RHB Herb Ashley 0-0: Ball
1-0: Ground out 6-3 (Groundball, 6)
Batting: RHB Jorge Martínez 0-0: Foul Ball, location: 2F
0-1: Swinging Strike
0-2: Ball
1-2: Ball
2-2: Fly out, F4 (Popup, 4MD)
Batting: RHB John Brown 0-0: Bunted foul
0-1: SINGLE (Groundball, 56D) (infield hit)
Pinch Runner at 1st Bryan MacGuffie:
Batting: RHB Soetsu Kaneko 0-0: Called Strike
Bryan MacGuffie steals 2nd base
0-1: Ball
1-1: Foul Ball, location: 2F
1-2: Strikes out swinging
Top of the 7th over - 0 run(s), 1 hit(s), 0 error(s), 1 left on base; Minnesota 1 - Erie 7
BOTTOM OF THE 7TH
Erie Jaxx batting - Pitching for Minnesota Death Stars : RHP Brian Smith
Pitching: RHP Jacob Christian
Now at 2B: Bryan MacGuffie
Batting: RHB José Darias 0-0: Foul Ball, location: 2F
0-1: Ball
1-1: Ball
2-1: Ball
3-1: Base on Balls
Batting: RHB Richard Bankhead 0-0: Bunted foul
0-1: Sac Bunt - play at second, runner OUT! 1-6
Batting: RHB Luis Alvarado 0-0: SINGLE (Line Drive, 9S)
Richard Bankhead to second
Batting: SHB Pedro Martínez 0-0: Ball
1-0: Ball
2-0: Ball
3-0: Called Strike
3-1: Swinging Strike
3-2: 3-RUN HOME RUN (Flyball, 9D), Distance : 368 ft
Batting: LHB Mark Everett 0-0: Ball
1-0: Ball
2-0: DOUBLE (Line Drive, 78XD)
Batting: RHB Luis Alou 0-0: Ball
1-0: SINGLE (Line Drive, 7S)
Mark Everett to third
Runner from 3rd tries for Home, SAFE, throw made home
Luis Alou to second
Pitching: RHP Octávio López
Batting: SHB Héctor Barajas 0-0: Called Strike
0-1: Ball
1-1: Called Strike
1-2: SINGLE (Flyball, 7LS)
Luis Alou to third
Runner from 3rd tries for Home, SAFE, no throw or cutoff
Batting: RHB Bo Vickers 0-0: Ball
1-0: SINGLE (Groundball, 6M)
Héctor Barajas to second
Batting: RHB Raúl Ruíz 0-0: SINGLE (Line Drive, 56)
Héctor Barajas to third
Bo Vickers to second
Runner from 3rd tries for Home, SAFE, throw made home
Batting: RHB José Darias 0-0: SINGLE (Line Drive, 4M)
Bo Vickers to third
Raúl Ruíz to second
Batting: RHB Richard Bankhead 0-0: Ball
1-0: Ball
2-0: Ball
3-0: Base on Balls
Bo Vickers scores
Raúl Ruíz to third
José Darias to second
Batting: RHB Luis Alvarado 0-0: Ball
1-0: Foul Ball, location: 2F
1-1: Swinging Strike
1-2: Ball
2-2: Foul Ball, location: 2F
2-2: Reached on error, E3 (Groundball, 34S)
Raúl Ruíz scores
José Darias to third
Richard Bankhead to second
Batting: SHB Pedro Martínez 0-0: Called Strike
0-1: Foul Ball, location: 2F
0-2: Ball
1-2: Ball
2-2: Ball
3-2: Foul Ball, location: 2F
3-2: Foul Ball, location: 2F
3-2: Fielders Choice at 2nd, 3-6 (Groundball, 3)
José Darias scores
Richard Bankhead to third
Pitching: RHP Brad Woollatt
Batting: LHB Mark Everett 0-0: Swinging Strike
0-1: Called Strike
0-2: Ball
1-2: Strikes out looking
Bottom of the 7th over - 9 run(s), 8 hit(s), 1 error(s), 2 left on base; Minnesota 1 - Erie 16
TOP OF THE 8TH
Minnesota Death Stars batting - Pitching for Erie Jaxx : RHP Ronald Cotton
Pitching: RHP Manny Pérez
Batting: RHB Chet Decker 0-0: Ball
1-0: Called Strike
1-1: Foul Ball, location: 2F
1-2: Ball
2-2: Ball
3-2: Base on Balls
Batting: LHB Alberto Medine 0-0: Ball
1-0: Ball
2-0: Called Strike
2-1: Grounds into double play, 4-6-3 (Groundball, 4)
Batting: RHB Manny Clemente 0-0: Foul Ball, location: 2F
0-1: Foul Ball, location: 2F
0-2: Foul Ball, location: 2F
0-2: Strikes out looking
Top of the 8th over - 0 run(s), 0 hit(s), 0 error(s), 0 left on base; Minnesota 1 - Erie 16
BOTTOM OF THE 8TH
Erie Jaxx batting - Pitching for Minnesota Death Stars : RHP Brad Woollatt
Batting: RHB Luis Alou 0-0: Ball
1-0: Ball
2-0: Ground out 5-3 (Groundball, 5)
Batting: SHB Héctor Barajas 0-0: Fly out, F6 (Line Drive, 6)
Batting: RHB Bo Vickers 0-0: Called Strike
0-1: Foul Ball, location: 2F
0-2: Ball
1-2: Strikes out swinging
Bottom of the 8th over - 0 run(s), 0 hit(s), 0 error(s), 0 left on base; Minnesota 1 - Erie 16
TOP OF THE 9TH
Minnesota Death Stars batting - Pitching for Erie Jaxx : RHP Manny Pérez
Batting: RHB Peter Dixon 0-0: Ball
1-0: Ball
2-0: Swinging Strike
2-1: Called Strike
2-2: Ground out 6-3 (Groundball, 6MD)
Batting: LHB Chris Loudermilk 0-0: Foul Ball, location: 2F
0-1: Ball
1-1: Ball
2-1: Ball
3-1: Base on Balls
Batting: RHB Herb Ashley 0-0: Called Strike
0-1: Foul Ball, location: 2F
0-2: Strikes out swinging
Batting: RHB Jorge Martínez 0-0: Ground out 1-3 (Groundball, 25)
Top of the 9th over - 0 run(s), 0 hit(s), 0 error(s), 1 left on base; Minnesota 1 - Erie 16
This league is powered by Out of the Park Baseball, the baseball management simulation game for PC, Mac and Linux
Wednesday, December 2nd, 2015 - OOTP Baseball 16.8 Build 38